[Event "Prague Festival-Futures 2022"]
[Site "Prague"]
[Date "2022.06.15"]
[Round "7.1"]
[White "Balint, Peter"]
[Black "Zelbova, Lada"]
[Result "1-0"]
[ECO "B32"]
[WhiteElo "2097"]
[BlackElo "1967"]
[Annotator "NA RC"]
[PlyCount "85"]
[EventDate "2022.06.07"]
[EventType "tourn"]
[EventCountry "CZE"]
[SourceTitle "playchess.com"]
[Source "ChessBase"]
[SourceQuality "1"]
[TimeControl "40/5400+30:1800+30"]

1. e4 c5 2. Nf3 Nc6 3. d4 cxd4 4. Nxd4 e5 5. Nb5 d6 6. c4 Be7 7. N1c3 a6 8. Na3 Nf6 9. Be2 O-O 10. Be3 Be6 11. O-O Rc8 12. Rc1 Re8 13. Re1 h6 14. Bf3 Nh7 15. Nd5 Bxd5 16. cxd5 Nd4 17. Rxc8 Qxc8 18. Bxd4 exd4 19. Qxd4 Bf6 20. Qb4 Ng5 21. Bd1 a5 22. Qb5 Re7 23. Qc4 Rc7 24. Qe2 Rc1 25. h4 Nh7 26. b3 Ra1 27. Nc4 Qc5 28. a4 Bxh4 29. Rf1 Bf6 30. Bc2 Ra2 31. e5 Rxc2 32. Qxc2 Bxe5 33. Qd2 f6 34. Nxe5 fxe5 35. Rc1 Qb6 36. Rc8+ Kf7 37. Qc2 Nf6 38. Qc7+ Qxc7 39. Rxc7+ Kg6 40. Rxb7 Kf5 41. b4 axb4 42. a5 Nxd5 43. a6 1-0

[Event "Prague Festival-Futures 2022"]
[Site "Prague"]
[Date "2022.06.15"]
[Round "7.2"]
[White "Sowinski, Pawel"]
[Black "Bouska, Jiri"]
[Result "1/2-1/2"]
[ECO "B33"]
[WhiteElo "2060"]
[BlackElo "2117"]
[Annotator "TA"]
[PlyCount "191"]
[EventDate "2022.06.07"]
[EventType "tourn"]
[EventCountry "CZE"]
[SourceTitle "playchess.com"]
[Source "ChessBase"]
[SourceQuality "1"]
[TimeControl "40/5400+30:1800+30"]

1. e4 c5 2. Nf3 Nc6 3. d4 cxd4 4. Nxd4 e5 5. Nb5 d6 6. N1c3 a6 7. Na3 Nf6 8. Bg5 b5 9. Nd5 Be7 10. Bxf6 Bxf6 11. c3 O-O 12. Nc2 Bg5 {[%emt 0:04:27] 12...Rb8 injects fresh life into this line.} 13. Nce3 Be6 14. g3 {[%emt 0:10:16] B33: Sicilian: Pelikan and Sveshnikov Variations.} Ne7 15. Bg2 Nxd5 16. Nxd5 Bxd5 17. Qxd5 Qb6 18. O-O Rac8 {[%emt 0:01:29] [#]} 19. Rad1 $146 ({Predecessor:} 19. Rfd1 Be7 20. h4 Qc5 21. Bf1 Qxd5 22. Rxd5 Rc5 23. Rad1 Rxd5 24. Rxd5 Rb8 25. b3 {1-0 (38) Bordi,K (2163)-Martinez Leon,F Tarragona 2003}) 19... Be7 20. Kh1 b4 21. Qb3 Rb8 22. c4 a5 23. f4 Bf6 24. Rd5 Rbc8 25. Qc2 Qa6 26. b3 a4 27. Rfd1 axb3 28. axb3 Rc6 29. Bf1 h6 30. c5 Qa7 31. Rxd6 Rxc5 32. Bc4 Rc7 33. Qd2 Kh7 34. Rd7 Rxd7 35. Qxd7 Qf2 (35... Qe3 $11) 36. Rf1 $16 {[%emt 0:00:44] Active counter play!} Qb2 37. Bxf7 exf4 38. gxf4 Qe2 39. Qf5+ Kh8 40. Bc4 $36 {[%emt 0:00:00][%mdl 2048] White has good play.} Qe3 (40... Qc2 $14) 41. e5 $18 Be7 42. Qd3 Bc5 43. Qxe3 Bxe3 {[%emt 0:00:03][%mdl 4096] Endgame KRB-KRB} 44. f5 Bd4 45. e6 {[%emt 0:00:18] Strongly threatening e7.} Bf6 46. Kg2 Kh7 47. Kf3 g6 (47... h5 $16 48. Ke4 Rd8) 48. Ke4 gxf5+ 49. Rxf5 Be7 50. Ra5 Kg7 51. Ke5 Bf6+ 52. Kd6 Rd8+ 53. Kc6 {[%emt 0:00:05] Ra7+ is the strong threat.} Rc8+ 54. Kb7 Rd8 55. Ra7 {[%emt 0:01:24] Threatens to win with Kc6+.} Be7 (55... Kf8 $16 56. Kc7 Re8) 56. Ra2 Rf8 $2 (56... Bf6 {was necessary.} 57. Re2 Be7) 57. Rg2+ Kf6 58. Kc6 Rc8+ 59. Kd7 $1 Rd8+ 60. Kc7 $1 Rf8 61. h4 {[%emt 0:04:23] And now h5 would win.} h5 62. Rg5 Rh8 63. Rg2 Rf8 $1 64. Rg1 Rh8 65. Rf1+ Ke5 66. Kd7 (66. Rh1 $16) 66... Bxh4 $14 67. e7 Bxe7 $2 68. Kxe7 {[%emt 0:00:02] KRB-KR} h4 69. Kd7 $2 (69. Re1+ $18 Kf4 70. Bd5) 69... h3 $11 70. Kc6 {[%emt 0:00:54] Black must now prevent Kc5.} Kd4 71. Kb5 h2 72. Rh1 Kc3 73. Kc5 Rh4 74. Kd5 Kd2 75. Ke5 Kc3 $2 {[%emt 0:00:21][%mdl 8192] [#]} (75... Ke3 $14) 76. Bf7 $2 (76. Kf5 $1 $18 Kd4 77. Kg5) 76... Kb2 $2 {[%emt 0:00:29][%mdl 8192] [#]} (76... Kd3 $14) 77. Bd5 $2 ({Only move:} 77. Kf5 $1 $18) 77... Rh3 $2 ({Better is} 77... Kc3 $14) 78. Kd4 Rh4+ 79. Kd3 Rh5 80. Bc4 Rh4 81. Kd2 Rh5 82. Ke2 Rh6 83. Ke3 Rh5 84. Kd4 Rh4+ 85. Kc5 $2 ({White must play} 85. Kd3 $18 {aiming for Ke2.} Rh3+ 86. Ke4) 85... Kc3 86. Kb5 Rh5+ 87. Ka4 $1 Rh7 88. Bd5 Rh5 (88... Ra7+ $11 {keeps the balance.} 89. Kb5 Rh7) 89. Bc4 ({White should play} 89. Bg2 $16) 89... Rh4 {[%emt 0:00:22] The position is equal.} 90. Kb5 Rh5+ 91. Kc6 Kd4 92. Rd1+ Kc3 93. Rh1 Kd4 94. Kd6 Rh6+ 95. Be6 Rh5 96. Ke7 {[%emt 0:00:13] Black escapes into a draw.  Weighted Error Value: White=0.06 (flawless) /Black=0.17 (very precise)} 1/2-1/2

[Event "Prague Festival-Futures 2022"]
[Site "Prague"]
[Date "2022.06.15"]
[Round "7.3"]
[White "Warchol, Kamil"]
[Black "Peglau, Charis"]
[Result "1-0"]
[ECO "C10"]
[WhiteElo "2079"]
[BlackElo "2008"]
[Annotator "NA RC"]
[PlyCount "117"]
[EventDate "2022.06.07"]
[EventType "tourn"]
[EventCountry "CZE"]
[SourceTitle "playchess.com"]
[Source "ChessBase"]
[SourceQuality "1"]
[TimeControl "40/5400+30:1800+30"]

1. e4 e6 2. d4 d5 3. Nd2 dxe4 4. Nxe4 Bd7 5. Nf3 Bc6 6. Bd3 Nd7 7. O-O Ngf6 8. Ng3 g6 9. Bd2 Bg7 10. Bb4 Bf8 11. Bd2 Bg7 12. Qe2 O-O 13. c4 Bxf3 14. Qxf3 c6 15. Bc3 Rc8 16. Rfe1 Qc7 17. Rad1 Rfd8 18. Bf1 a6 19. b3 h6 20. h3 Nh7 21. h4 Ndf6 22. Ne2 g5 23. hxg5 Nxg5 24. Qg3 Qxg3 25. Nxg3 Rd7 26. f3 b6 27. f4 Ngh7 28. Be2 c5 29. dxc5 bxc5 30. Rxd7 Nxd7 31. Bxg7 Kxg7 32. Rd1 Nb8 33. Rd6 Nf6 34. Bf3 Rc7 35. f5 e5 36. Rb6 Rc8 37. Kf2 e4 38. Nxe4 Nxe4+ 39. Bxe4 Rd8 40. Bd5 h5 41. g3 f6 42. a3 Re8 43. Rd6 Rf8 44. b4 cxb4 45. axb4 Kh6 46. Be6 Kg5 47. c5 Re8 48. c6 Nxc6 49. Rxc6 Rb8 50. Rxa6 Rxb4 51. Kf3 h4 52. Ra8 hxg3 53. Rg8+ Kh4 54. Rh8+ Kg5 55. Kxg3 Rg4+ 56. Kf3 Rf4+ 57. Ke3 Ra4 58. Rg8+ Kh5 59. Rg6 1-0

[Event "Prague Festival-Futures 2022"]
[Site "Prague"]
[Date "2022.06.15"]
[Round "7.4"]
[White "Kovalskyi, Roman"]
[Black "Kuru, Atilla"]
[Result "0-1"]
[ECO "D02"]
[WhiteElo "2039"]
[BlackElo "2023"]
[Annotator "NA RC"]
[PlyCount "122"]
[EventDate "2022.06.07"]
[EventType "tourn"]
[EventCountry "CZE"]
[SourceTitle "playchess.com"]
[Source "ChessBase"]
[SourceQuality "1"]
[TimeControl "40/5400+30:1800+30"]

1. Nf3 d5 2. g3 c5 3. Bg2 Nc6 4. d4 cxd4 5. Nxd4 Nf6 6. O-O Bg4 7. Be3 Qd7 8. c4 Rd8 9. Nc3 e5 10. cxd5 Nxd4 11. Bxd4 exd4 12. Qxd4 b6 13. e4 Bc5 14. Qe5+ Qe7 15. Qf4 Bd6 16. Qd2 O-O 17. h3 Bc8 18. f4 Bb4 19. Rfe1 Bb7 20. Kh2 Bxc3 21. bxc3 Qc5 22. Re3 Ne8 23. Rd1 Nd6 24. Qe2 Ba6 25. Qf3 Rfe8 26. e5 Nc4 27. Ree1 Bb7 28. g4 b5 29. g5 Nb6 30. Rd4 Rxd5 31. Qf2 Qxc3 32. Bxd5 Nxd5 33. Red1 Rd8 34. Qg2 Rd7 35. R1d2 Qc5 36. Qg4 Qc6 37. Qd1 g6 38. Rc2 Qe6 39. Qg4 Qe7 40. Rcd2 Rc7 41. Rxd5 Bxd5 42. Rxd5 Qb4 43. Rd1 Rc2+ 44. Kg3 Qe4 45. Qf3 Qc4 46. Rd3 b4 47. Qa8+ Kg7 48. Rf3 Rxa2 49. Qd8 Qe6 50. Rd3 Ra3 51. h4 Rxd3+ 52. Qxd3 b3 53. Qc3 h5 54. gxh6+ Kxh6 55. Qe3 Qb6 56. Qd2 b2 57. f5+ Kg7 58. f6+ Kh7 59. e6 b1=Q 60. exf7 Q1g1+ 61. Kf3 Qxf6+ 0-1

[Event "Prague Festival-Futures 2022"]
[Site "Prague"]
[Date "2022.06.15"]
[Round "7.5"]
[White "Bokhnak, Timofey"]
[Black "Tolmacevs, Artjoms"]
[Result "1-0"]
[ECO "B58"]
[WhiteElo "2060"]
[BlackElo "2087"]
[Annotator "NA RC"]
[PlyCount "67"]
[EventDate "2022.06.07"]
[EventType "tourn"]
[EventCountry "CZE"]
[SourceTitle "playchess.com"]
[Source "ChessBase"]
[SourceQuality "1"]
[TimeControl "40/5400+30:1800+30"]

1. e4 c5 2. Nf3 d6 3. d4 cxd4 4. Nxd4 Nf6 5. Nc3 Bd7 6. Be2 Nc6 7. Be3 e5 8. Nb3 Be7 9. h4 Be6 10. Bf3 a5 11. g4 a4 12. Nc1 a3 13. b3 Nb4 14. g5 Ng4 15. Bxg4 Bxg4 16. Qxg4 Nxc2+ 17. Kd2 Nxa1 18. Nd3 Nxb3+ 19. axb3 O-O 20. Nd5 a2 21. Ra1 Ra3 22. N3b4 f5 23. exf5 Kh8 24. f6 gxf6 25. g6 Rg8 26. Qe6 Bf8 27. h5 hxg6 28. Nxf6 Rg7 29. h6 Qa5 30. hxg7+ Kxg7 31. Ne8+ Kh7 32. Rh1+ Bh6 33. Qf7+ Kh8 34. Qg7# 1-0

[Event "Prague Festival-Futures 2022"]
[Site "Prague"]
[Date "2022.06.16"]
[Round "8.1"]
[White "Peglau, Charis"]
[Black "Balint, Peter"]
[Result "0-1"]
[ECO "A29"]
[WhiteElo "2008"]
[BlackElo "2097"]
[Annotator "NA RC"]
[PlyCount "96"]
[EventDate "2022.06.07"]
[EventType "tourn"]
[EventCountry "CZE"]
[SourceTitle "playchess.com"]
[Source "ChessBase"]
[SourceQuality "1"]
[TimeControl "40/5400+30:1800+30"]

1. c4 Nf6 2. Nc3 e5 3. g3 d5 4. cxd5 Nxd5 5. Nf3 Nc6 6. Bg2 Nb6 7. O-O Be6 8. d4 exd4 9. Nb5 Bc5 10. Qc2 Bc4 11. Bf4 Bxb5 12. Qxc5 Qd5 13. Qa3 Nc4 14. Qb3 Nb6 15. Nxd4 Qxb3 16. Nxb3 O-O-O 17. Rfc1 Nd5 18. Bxd5 Rxd5 19. e4 Rdd8 20. a4 Bd3 21. Nc5 Rhe8 22. f3 f5 23. exf5 Bxf5 24. Ra3 Nd4 25. Raa1 g5 26. Bxc7 Kxc7 27. Ne6+ Kb8 28. Nxd8 Ne2+ 29. Kf2 Nxc1 30. Rxc1 Rxd8 31. Rc5 Rf8 32. Ke3 h6 33. f4 gxf4+ 34. gxf4 Rf6 35. b4 b6 36. Rc4 Re6+ 37. Kf3 Rd6 38. a5 Rd3+ 39. Kf2 Kb7 40. axb6 axb6 41. Kg2 Ka6 42. Kf2 Kb5 43. Rc7 h5 44. Rb7 Bg4 45. Rf7 h4 46. Rf6 Rb3 47. Rh6 Rf3+ 48. Kg1 Bh3 0-1

[Event "Prague Festival-Futures 2022"]
[Site "Prague"]
[Date "2022.06.16"]
[Round "8.2"]
[White "Kuru, Atilla"]
[Black "Sowinski, Pawel"]
[Result "1/2-1/2"]
[ECO "C36"]
[WhiteElo "2023"]
[BlackElo "2060"]
[Annotator "TA"]
[PlyCount "92"]
[EventDate "2022.06.07"]
[EventType "tourn"]
[EventCountry "CZE"]
[SourceTitle "playchess.com"]
[Source "ChessBase"]
[SourceQuality "1"]
[TimeControl "40/5400+30:1800+30"]

1. e4 e5 2. f4 exf4 3. Nf3 Ne7 4. Bc4 d5 5. exd5 Nxd5 6. O-O Be6 7. Qe2 {[%emt 0:00:26] C36: King's Gambit Accepted: 3 Nf3 d5.} Be7 8. Nc3 Nc6 9. d4 O-O 10. Nxd5 Bxd5 11. Bxd5 Qxd5 12. Bxf4 Bd6 13. Qd2 Rad8 14. c3 Ne7 {[%emt 0:05:33] [#]} 15. Rae1 $146 ({Predecessor:} 15. Bxd6 Rxd6 16. b3 Qa5 17. Rae1 Ng6 18. Ng5 h6 19. Nf3 Rfd8 20. Qc2 Rd5 21. a4 {½-½ (65) Burke,K (1768)-Ledger,D (2168) Porto Carras 2018}) 15... Ng6 16. Bxd6 Qxd6 17. Qf2 f6 18. Qc2 c6 19. Qb3+ Qd5 20. c4 (20. Qxb7 {feels hotter.} Rb8 21. Qxa7 Rxb2 22. Rf2) 20... Qd7 21. Rd1 Rfe8 22. Rd2 b6 23. Rc2 Kh8 24. Rd1 Re4 25. c5 bxc5 26. Rxc5 Rde8 {[%emt 0:00:02] White must now prevent ...Nf4.} 27. Rc2 Nf4 {[%emt 0:01:09] Threatens to win with ...Qg4.} 28. Rf2 (28. Kh1 $17 {keeps fighting.}) 28... Re3 $2 (28... Qg4 $19 {...Nh3+ is the strong threat.} 29. Kh1 h6) 29. Ne5 $1 $11 Rxb3 30. Nxd7 Rd3 31. Rfd2 Rde3 32. Kf2 R3e7 {[%emt 0:01:53] Prevents Ne5.} 33. Nc5 g5 34. g3 Nh3+ 35. Kg2 g4 36. Nd3 {[%emt 0:00:16] Prevents Re1.} Ng5 37. Rf2 Nf3 38. h3 h5 ({Resist} 38... Nxd4 39. hxg4 Rd8 40. Nf4 $16 (40. Rxf6 Nc2 $17)) 39. Nf4 {[%emt 0:00:17] [#] And now Ng6+ would win.} Re1 40. Rf1 Rxf1 41. Rxf1 {[%emt 0:02:03][%mdl 4096] Endgame KRN-KRN} f5 42. Nxh5 Re2+ $1 43. Rf2 Re1 {[%emt 0:00:19][%csl Gf3][%cal Re1g1] [#]} 44. hxg4 fxg4 45. Rf1 {[%emt 0:00:07] Inhibits Rg1+. Strongly threatening Rxe1.} Re2+ 46. Rf2 Re1 {[%emt 0:06:28] Weighted Error Value: White=0.10 (very precise) /Black=0.11 (very precise)} 1/2-1/2

[Event "Prague Festival-Futures 2022"]
[Site "Prague"]
[Date "2022.06.16"]
[Round "8.3"]
[White "Bouska, Jiri"]
[Black "Warchol, Kamil"]
[Result "0-1"]
[ECO "A11"]
[WhiteElo "2117"]
[BlackElo "2079"]
[Annotator "TA"]
[PlyCount "152"]
[EventDate "2022.06.07"]
[EventType "tourn"]
[EventCountry "CZE"]
[SourceTitle "playchess.com"]
[Source "ChessBase"]
[SourceQuality "1"]
[TimeControl "40/5400+30:1800+30"]

1. Nf3 d5 2. g3 Nf6 3. Bg2 c6 4. O-O Bf5 5. c4 e6 6. Qb3 Qb6 7. d3 {[%emt 0:00:27] A11: English Opening: 1...c6.} h6 8. cxd5 {[%emt 0:02:06] Hoping for e4.} exd5 9. Qc2 {[%emt 0:01:38] White is slightly better.} Be7 {[%emt 0:10:30] The main line 9...Be7 scores better than 9...Nbd7.} 10. Nc3 O-O 11. e4 Bh7 12. Be3 Qd8 13. Rad1 Na6 14. a3 Nc7 {[%emt 0:01:11] [#]} 15. Qc1 $146 (15. Qb3 $14) ({Predecessor:} 15. Qb3 Qc8 16. Ne5 Bd6 17. f4 Re8 18. Bf2 Bxe5 19. fxe5 Ng4 20. exd5 Nxd5 21. Nxd5 cxd5 22. Qxd5 Nxe5 {1-0 (51) Susla,V (2356)-Khlopov,S (2353) LSS email 2020}) 15... Ne6 16. Nd4 Kh8 17. h3 Rc8 18. exd5 (18. Rfe1 $14) 18... cxd5 19. Nxe6 (19. Rfe1 $142) 19... fxe6 $11 20. Bd4 (20. d4 $1 $11) 20... e5 $1 $17 21. Bxe5 {[%emt 0:00:09] And now Qd2 would win.} d4 22. Bxb7 Rc5 {[%emt 0:03:45][%mdl 64] Pin} (22... dxc3 23. Bxc8 Qxc8 24. Kh2 $15) 23. Rfe1 (23. Bxf6 $2 Bxf6 24. Be4 Bg8 $19) 23... dxc3 24. bxc3 Ra5 (24... Bxd3 25. Bg2 $14) 25. Bg2 Bxa3 ({Don't take} 25... Bxd3 26. Qe3 $16) 26. Qd2 Nd7 27. Bf4 Nc5 28. Bf1 (28. c4 $142) 28... Qd7 (28... Qf6 $142 29. Be5 Qf7) 29. Qe3 (29. Re5 $17 {was necessary.}) 29... Qf7 (29... Rc8 $19 {...Bb2 is the strong threat.} 30. Qd2 Nb3) 30. Bd6 (30. d4 $142) 30... Rc8 $1 ({Of course not} 30... Rd8 $6 31. Qe7 Qg8 32. Ra1 $15) 31. Bf4 (31. Qe7 $17 Qxe7 32. Rxe7) 31... Nd7 32. c4 (32. Ra1 $17 {is a better defense.}) 32... Nf6 ({Black should play} 32... Bb4 $19 33. Qe6 Qxe6 34. Rxe6 Ra3) 33. d4 $2 (33. Ra1 $17 {was worth a try.}) 33... Bb4 $19 34. Re2 Qxc4 35. Be5 Qf7 36. Rb2 Bf8 37. Bg2 Qg6 38. Rb7 Nd5 (38... Ra3 $19 39. Qf4 Bg8) 39. Qd2 (39. Qe1 $17 {was the only chance.} Nc3 40. Ra1 Rxa1 41. Qxa1) 39... Nc3 {[%emt 0:00:33][%cal Bd5c3,Bc3e2,Be2c1,Bc1d3][%mdl 32] White must now prevent ...Ra2.} 40. Rc1 {[%emt 0:00:00] [#]} Ne2+ 41. Kh2 Nxc1 ({Stronger than} 41... Rxc1 42. Qxa5 Qf5 43. Qd8 $17) 42. Qxa5 Nd3 $1 {[%emt 0:05:51] Threatens to win with ...Qf5.} 43. Rxa7 Nxf2 44. Ra8 {[%emt 0:13:47] [#]} Qe8 45. Rxc8 Qxc8 46. d5 $2 (46. g4) 46... Nd3 47. Bc7 Nc5 48. d6 Nd7 49. Qb5 Nf6 50. Qc6 Bf5 51. g4 Bd7 52. Qf3 Qa6 53. Qf4 Qe2 54. Kh1 Qe8 55. g5 (55. Kh2 $142) 55... hxg5 56. Qxg5 Qh5 {[%emt 0:00:29] Against Qh4} 57. Qg3 (57. Qxh5+ Nxh5 58. Kh2) 57... Qc5 58. Qh4+ (58. Qf4 $142) 58... Kg8 59. Qg3 Be6 60. Kh2 (60. Qd3 $142) 60... Ne8 (60... Nh5 $142 61. Qe1 Bxd6+ 62. Bxd6 Qxd6+ 63. Kg1 Qd4+ 64. Kh2 Nf4) 61. Kh1 (61. d7 $142 Bxd7 62. Be5) 61... Bxd6 (61... Nxc7 $142 62. dxc7 Qc1+ 63. Kh2 Qd2) 62. Bxd6 Qxd6 63. Qxd6 (63. Kh2 $19) 63... Nxd6 64. Kh2 Nf5 65. Bf1 Kh7 66. Bd3 Kh6 (66... Kg6 $142 67. Kg2 Kh5 68. Kh1 Kh4 69. Kg2 g5 70. Kf3 Ne7 71. Ke3 Bxh3 72. Be2 Nf5+ 73. Kd3 Bg4 74. Bf1 Bf3 75. Kd2 g4 76. Ke1 g3 77. Ba6 Nd4 78. Bf1 Bc6 79. Kd1 Ba4+ 80. Kc1 Bb5 81. Bg2 Bc6 82. Bf1 Bb5 83. Bg2 Bc6 84. Bf1 Bb5) 67. Kg2 Kh5 68. Be4 {[%emt 0:01:18] [#]} Kh4 (68... Bd5 $142 $1 69. Bxd5 Ne3+ 70. Kf3 Nxd5 71. Ke4 Ne7 72. Kf3 Kh4 73. Kg2 g5 74. Kh2 Ng6 75. Kg2 Nf4+ 76. Kf2 Nxh3+ 77. Ke2 g4 78. Ke3 g3 79. Kf3 Ng5+ 80. Kf4 g2 81. Ke5 g1=Q 82. Kd6 Qd4+ 83. Kc7 Qc5+ 84. Kd7 Nh3 85. Kd8 Kg5 86. Ke8 Qc7 87. Kf8 Kf6 88. Kg8 Qg7#) 69. Bd3 Nd6 70. Kg1 Kg3 {[%emt 0:00:34] Black mates.} 71. h4 Bh3 72. h5 Nf7 73. h6 gxh6 74. Be4 Ng5 75. Bd5 Nf3+ 76. Bxf3 Kxf3 {[%emt 0:00:02] Weighted Error Value: White=0.47/Black=0.31} 0-1

[Event "Prague Festival-Futures 2022"]
[Site "Prague"]
[Date "2022.06.16"]
[Round "8.4"]
[White "Bokhnak, Timofey"]
[Black "Kovalskyi, Roman"]
[Result "1/2-1/2"]
[ECO "A14"]
[WhiteElo "2060"]
[BlackElo "2039"]
[Annotator "NA RC"]
[PlyCount "117"]
[EventDate "2022.06.07"]
[EventType "tourn"]
[EventCountry "CZE"]
[SourceTitle "playchess.com"]
[Source "ChessBase"]
[SourceQuality "1"]
[TimeControl "40/5400+30:1800+30"]

1. c4 e6 2. g3 d5 3. Bg2 Nf6 4. Nf3 Be7 5. O-O O-O 6. b3 c5 7. Bb2 Nc6 8. e3 b6 9. Qe2 Bb7 10. d3 Qc7 11. Nc3 Rac8 12. Rfd1 Rfd8 13. Rd2 Qb8 14. Rad1 Na5 15. Ne1 h6 16. f4 a6 17. h3 Bc6 18. e4 d4 19. Nb1 e5 20. f5 Kf8 21. Rc2 Nh7 22. Nf3 Ng5 23. Nbd2 Nxf3+ 24. Nxf3 b5 25. Bc1 bxc4 26. dxc4 Be8 27. Ne1 Nc6 28. h4 f6 29. Nd3 Nb4 30. Rb2 Nxd3 31. Rxd3 Qc7 32. g4 Bf7 33. g5 hxg5 34. hxg5 fxg5 35. Qg4 Bf6 36. Bxg5 Ke7 37. Bf3 Rh8 38. Qg3 Rb8 39. Rdd2 a5 40. Rh2 Kd6 41. Rxh8 Rxh8 42. Rg2 Ke7 43. Qf2 Qd6 44. Qd2 Qb6 45. Rg3 Kf8 46. Qg2 Bxg5 47. Rxg5 Qh6 48. Qg3 Qh4 49. Rxg7 Qxg3+ 50. Rxg3 Rg8 51. Rxg8+ Kxg8 52. Kf2 Kg7 53. Kg3 Kf6 54. Kg4 Be8 55. Be2 Bf7 56. Bd3 Be8 57. a3 Bf7 58. Kh4 Be8 59. Kg4 1/2-1/2

[Event "Prague Festival-Futures 2022"]
[Site "Prague"]
[Date "2022.06.16"]
[Round "8.5"]
[White "Tolmacevs, Artjoms"]
[Black "Zelbova, Lada"]
[Result "1-0"]
[ECO "B80"]
[WhiteElo "2087"]
[BlackElo "1967"]
[Annotator "NA RC"]
[PlyCount "37"]
[EventDate "2022.06.07"]
[EventType "tourn"]
[EventCountry "CZE"]
[SourceTitle "playchess.com"]
[Source "ChessBase"]
[SourceQuality "1"]
[TimeControl "40/5400+30:1800+30"]

1. e4 c5 2. Nf3 Nc6 3. Nc3 a6 4. d4 cxd4 5. Nxd4 e6 6. g3 Qc7 7. Bg2 Nf6 8. O-O Be7 9. Be3 O-O 10. f4 d6 11. f5 e5 12. Nb3 b5 13. a3 Na5 14. Nxa5 Qxa5 15. g4 Re8 16. g5 Nd7 17. Nd5 Bf8 18. g6 Nf6 19. Bb6 1-0

[Event "Prague Festival-Futures 2022"]
[Site "Prague"]
[Date "2022.06.17"]
[Round "9.1"]
[White "Kovalskyi, Roman"]
[Black "Tolmacevs, Artjoms"]
[Result "1-0"]
[ECO "B13"]
[WhiteElo "2039"]
[BlackElo "2087"]
[Annotator "NA RC"]
[PlyCount "89"]
[EventDate "2022.06.07"]
[EventType "tourn"]
[EventCountry "CZE"]
[SourceTitle "playchess.com"]
[Source "ChessBase"]
[SourceQuality "1"]
[TimeControl "40/5400+30:1800+30"]

1. e4 c6 2. d4 d5 3. exd5 cxd5 4. Bd3 Nc6 5. c3 Qc7 6. h3 e5 7. dxe5 Nxe5 8. Nf3 Nxd3+ 9. Qxd3 Bd6 10. O-O Ne7 11. Nd4 a6 12. Nd2 O-O 13. N2f3 Ng6 14. Re1 Qc4 15. Qf1 Bd7 16. Nc2 Qc7 17. Nfd4 Rfe8 18. Bd2 Re4 19. Ne3 Nh4 20. Nxd5 Rxe1 21. Rxe1 Qc5 22. Ne3 Bc7 23. Qe2 Qd6 24. Nf1 Qg6 25. Qe4 Qxe4 26. Rxe4 Nf5 27. Bf4 Bxf4 28. Rxf4 Nxd4 29. Rxd4 Be6 30. c4 Kf8 31. Ne3 Rc8 32. a4 Rc6 33. b4 Ke7 34. Kf1 Kf6 35. Ke2 g5 36. Kd3 Ke5 37. h4 h6 38. hxg5 hxg5 39. g3 Rc8 40. f4+ gxf4 41. gxf4+ Kf6 42. Rd6 Ke7 43. Rb6 Rc7 44. f5 Rd7+ 45. Ke4 1-0

[Event "Prague Festival-Futures 2022"]
[Site "Prague"]
[Date "2022.06.17"]
[Round "9.2"]
[White "Sowinski, Pawel"]
[Black "Bokhnak, Timofey"]
[Result "1-0"]
[ECO "C00"]
[WhiteElo "2060"]
[BlackElo "2060"]
[Annotator "NA RC"]
[PlyCount "91"]
[EventDate "2022.06.07"]
[EventType "tourn"]
[EventCountry "CZE"]
[SourceTitle "playchess.com"]
[Source "ChessBase"]
[SourceQuality "1"]
[TimeControl "40/5400+30:1800+30"]

1. e4 e6 2. b3 d5 3. Bb2 Nc6 4. exd5 exd5 5. Nf3 Nf6 6. Bb5 Be7 7. Ne5 Bd7 8. Nxd7 Qxd7 9. O-O O-O-O 10. d4 a6 11. Bd3 Ne4 12. Nd2 f5 13. f3 Ng5 14. c3 g6 15. b4 Qd6 16. Nb3 Ne6 17. a4 Kd7 18. b5 Nb8 19. Re1 Rhe8 20. c4 Nf4 21. c5 Qf6 22. c6+ Kc8 23. cxb7+ Kxb7 24. Qc2 Bd6 25. Bf1 Qg5 26. g3 Ne6 27. Na5+ Ka7 28. bxa6 c5 29. Nb7 c4 30. Nxd6 Rxd6 31. Ba3 Rxa6 32. Re5 Rd8 33. Rae1 Qf6 34. f4 Nc7 35. Bc5+ Ka8 36. Be7 Qh8 37. Bxd8 Qxd8 38. Re7 Nc6 39. Rxh7 Nxd4 40. Qb2 Nf3+ 41. Kf2 Nxe1 42. Rh8 Ne8 43. Qe5 Kb7 44. Rxe8 Qa5 45. Qe7+ Kc6 46. Rc8+ 1-0

[Event "Prague Festival-Futures 2022"]
[Site "Prague"]
[Date "2022.06.17"]
[Round "9.3"]
[White "Warchol, Kamil"]
[Black "Kuru, Atilla"]
[Result "1/2-1/2"]
[ECO "C02"]
[WhiteElo "2079"]
[BlackElo "2023"]
[Annotator "NA RC"]
[PlyCount "81"]
[EventDate "2022.06.07"]
[EventType "tourn"]
[EventCountry "CZE"]
[SourceTitle "playchess.com"]
[Source "ChessBase"]
[SourceQuality "1"]
[TimeControl "40/5400+30:1800+30"]

1. e4 e6 2. d4 d5 3. e5 c5 4. c3 Qb6 5. Nf3 Nc6 6. a3 Nh6 7. Bd3 cxd4 8. O-O Bd7 9. b4 Nf5 10. Bb2 Be7 11. cxd4 Nfxd4 12. Nxd4 Nxd4 13. Qg4 Nc6 14. Qxg7 O-O-O 15. Nd2 Rhg8 16. Qxf7 Rdf8 17. Qh5 Rf4 18. Rac1 Kb8 19. Qe2 Rfg4 20. g3 Nd4 21. Bxd4 Qxd4 22. Kh1 h5 23. Nf3 Qb6 24. h3 R4g7 25. Kh2 Rf7 26. Qe3 d4 27. Nxd4 Bg5 28. f4 Bh6 29. h4 Rfg7 30. Rg1 Rg4 31. Rcf1 Qd8 32. Kh3 Rf8 33. Nf3 Bxf4 34. gxf4 Rfxf4 35. Rxg4 hxg4+ 36. Kg3 Rxf3+ 37. Rxf3 gxf3 38. Qxf3 Bc6 39. Be4 Qg8+ 40. Kh3 Bb5 41. Bd3 1/2-1/2

[Event "Prague Festival-Futures 2022"]
[Site "Prague"]
[Date "2022.06.17"]
[Round "9.4"]
[White "Balint, Peter"]
[Black "Bouska, Jiri"]
[Result "1/2-1/2"]
[ECO "B36"]
[WhiteElo "2097"]
[BlackElo "2117"]
[Annotator "NA RC"]
[PlyCount "55"]
[EventDate "2022.06.07"]
[EventType "tourn"]
[EventCountry "CZE"]
[SourceTitle "playchess.com"]
[Source "ChessBase"]
[SourceQuality "1"]
[TimeControl "40/5400+30:1800+30"]

1. e4 c5 2. Nf3 Nc6 3. d4 cxd4 4. Nxd4 g6 5. c4 Nf6 6. Nc3 d6 7. Be2 Nxd4 8. Qxd4 Bg7 9. Be3 O-O 10. Qd3 a5 11. O-O a4 12. Rad1 Qa5 13. Bd4 Be6 14. f4 Rfc8 15. b3 axb3 16. axb3 Qd8 17. f5 Bd7 18. g4 Bc6 19. Qf3 Qf8 20. b4 Ra3 21. Qf4 b6 22. b5 Bb7 23. e5 dxe5 24. Bxe5 Rc5 25. Bd4 Rc8 26. Be5 Rc5 27. Bd4 Rc8 28. Be5 1/2-1/2

[Event "Prague Festival-Futures 2022"]
[Site "Prague"]
[Date "2022.06.17"]
[Round "9.5"]
[White "Zelbova, Lada"]
[Black "Peglau, Charis"]
[Result "1-0"]
[ECO "A47"]
[WhiteElo "1967"]
[BlackElo "2008"]
[Annotator "NA RC"]
[PlyCount "81"]
[EventDate "2022.06.07"]
[EventType "tourn"]
[EventCountry "CZE"]
[SourceTitle "playchess.com"]
[Source "ChessBase"]
[SourceQuality "1"]
[TimeControl "40/5400+30:1800+30"]

1. d4 Nf6 2. Nf3 e6 3. Bf4 b6 4. e3 Nh5 5. Bg5 Be7 6. Bxe7 Qxe7 7. c3 Bb7 8. Nbd2 O-O 9. Bd3 f5 10. O-O d6 11. a4 Nd7 12. a5 Nhf6 13. a6 Be4 14. Qc2 Bxd3 15. Qxd3 Kh8 16. Rfe1 Rae8 17. b4 d5 18. b5 Ne4 19. c4 Ndf6 20. Ne5 Qb4 21. Nxe4 fxe4 22. Qe2 Qd6 23. Red1 Nd7 24. Nc6 Ra8 25. Rac1 Rf5 26. Rd2 Nb8 27. cxd5 exd5 28. Qg4 Rf8 29. Ne5 c5 30. bxc6 Nxa6 31. Qd7 Qa3 32. Rdc2 Nb4 33. Rc3 Qb2 34. Nf7+ Kg8 35. c7 Nd3 36. R3c2 Qxc1+ 37. Rxc1 Nxc1 38. Qxd5 Ne2+ 39. Kf1 Nc3 40. Nh6+ Kh8 41. Qg8+ 1-0